 Dungeon Crawl Stone Soup version 0.31-a0-1165-g196b491b36 (webtiles) character file.

Game seed: 10108989356469579459

254 bmb222 the Sneak (level 5, -9/41 HPs)
             Began as a Demonspawn Brigand on Dec 9, 2023.
             Killed by divine providence
             ... invoked by an orc priest
              (13 damage)
             ... on level 3 of the Dungeon.
             The game lasted 00:03:05 (2145 turns).

bmb222 the Sneak (Demonspawn Brigand)               Turns: 2145, Time: 00:03:05

Health: -9/41      AC:  6    Str: 11    XL:     5   Next: 90%
Magic:  5/5        EV: 11    Int: 12    God:
Gold:   121        SH:  4    Dex: 16    Spells: 4/4 levels left

rFire   . . .        a - +2 dagger
rCold   . . .        i - +0 buckler
rNeg    . . .        b - +0 robe
rPois   .            (no helmet)
rElec   .            c - +0 cloak
rCorr   .            q - +0 pair of gloves
SInv    .            (no boots)
Will    .....        (no amulet)
Stlth   +++          (no ring)
HPRegen 0.26/turn    (no ring)
MPRegen 0.09/turn

%: no passive effects
@: no status effects
A: thin metallic scales 1, spiny 1, weakness stinger 2
a: no special abilities


You were on level 3 of the Dungeon.
You visited 1 branch of the dungeon, and saw 3 of its levels.

You collected 121 gold pieces.

Inventory:

Hand Weapons
 a - a +2 dagger (weapon)
Missiles
 d - 9 poisoned darts (quivered)
 e - 3 curare-tipped darts
Armour
 b - a +0 robe (worn)
 c - a +0 cloak (worn)
 i - a +0 buckler (worn)
 q - a +0 pair of gloves (worn)
Scrolls
 f - 2 scrolls of teleportation
 g - 3 scrolls of noise
 h - 2 scrolls of identify
 k - a scroll of revelation {unknown}
 l - a scroll of vulnerability {unknown}
 m - a scroll of enchant weapon {unknown}
 n - a scroll of immolation {unknown}
Potions
 o - 2 potions of lignification {unknown}
 p - a potion of degeneration {unknown}


   Skills:
 + Level 3.3 Fighting
 + Level 3.2 Short Blades
 + Level 1.9 Throwing
 * Level 1.5 Armour
 + Level 1.4 Dodging
 + Level 4.9 Stealth
 + Level 0.1 Shields


You had 4 spell levels left.
You didn't know any spells.
Your spell library was empty.

Dungeon Overview and Level Annotations

Branches:
Dungeon (3/15)

Altars:

Shops:
D:1 !


Innate Abilities, Weirdness & Mutations

You are partially covered in thin metallic scales. (AC +2)
You are partially covered in sharp spines.
You have a tail ending in a sharp stinger.


Message History

The orc priest shouts!
You hear a shout!
You see here a bat corpse.
Found 12 gold pieces.
You hit the orc priest but do no damage.
The orc priest closely misses you.
You hit the orc priest.
The orc priest is lightly wounded.
The orc priest mumbles some strange prayers to Beogh against you.
Beogh smites you!
You are too injured to fight recklessly!
You are too injured to fight recklessly!
You hit the orc priest.
You tail-slap the orc priest, but do no damage.
The orc priest is moderately wounded.
The orc priest begins to cast a cantrip, but forgets the words!
You hit the orc priest.
The orc priest is heavily wounded.
The orc priest misses you.
You hit the orc priest.
The orc priest is heavily wounded.
You block the orc priest's attack.
You hit the orc priest but do no damage.
The orc priest is heavily wounded.
The orc priest hits you but does no damage.
You hit the orc priest.
You tail-slap the orc priest, but do no damage.
The orc priest is heavily wounded.
The orc priest hits you with a +0 hand axe.
You barely miss the orc priest. You tail-slap the orc priest.
The orc priest is almost dead.
The orc misses you.
The orc priest calls down the wrath of Beogh upon you.
Beogh smites you!
* * * LOW HITPOINT WARNING * * *
You hit the orc priest but do no damage.
The orc priest is almost dead.
The orc barely misses you.
The orc priest calls down the wrath of Beogh upon you.
Beogh smites you!
You die...

.####)####.....##.#
............S.###.#
.####..##....S###.# #
#.............##.#
#..##..##.###....#
##........###)#.##
#..........#.# #
#.....#..#.#†#.#
##.#....$.o.@...#
##(......#.#.o...#
...#..........#.......$#
............S...........
##........#####.........#
###....#W#####.........#
##...#o...##.........#
###.#....##.........
#.#.##.#


You could see an orc priest and an orc.

Vanquished Creatures
  A phantom (D:3)
  A crimson imp (D:3)
  A gnoll (D:1)
  5 adders
  4 worms
  3 dart slugs
  2 orcs (D:3)
  5 ball pythons
  6 bats
  13 endoplasms
  A giant cockroach (D:2)
  4 goblins
  3 hobgoblins
  4 quokkas
  3 frilled lizards (D:1)
  2 goblin zombies (D:3)
  2 hobgoblin zombies (D:3)
  7 kobolds
  A kobold zombie (D:3)
  An orc skeleton (D:3)
  An orc zombie (D:3)
  4 rats
74 creatures vanquished.

Notes
Turn   | Place    | Note
-------+----------+-------------------------------------------
     0 | D:1      | bmb222 the Demonspawn Brigand began the quest for the Orb.
     0 | D:1      | Reached XP level 1. HP: 16/16 MP: 1/1
   136 | D:1      | Gained mutation: You have a small tail. [demonic ancestry]
   136 | D:1      | Reached XP level 2. HP: 18/22 MP: 2/2
   359 | D:1      | Reached skill level 4 in Stealth
   604 | D:1      | Found Tuff's Distillery.
   657 | D:1      | Gained mutation: You have a tail ending in a sharp stinger.
                  | [demonic ancestry]
   657 | D:1      | Reached XP level 3. HP: 5/28 MP: 3/3
   781 | D:1      | Reached skill level 1 in Dodging
  1182 | D:2      | Found a faded altar of an unknown god.
  1311 | D:2      | Gained mutation: You are partially covered in sharp spines.
                  | [demonic ancestry]
  1311 | D:2      | Reached XP level 4. HP: 31/34 MP: 4/4
  1785 | D:3      | Noticed a phantom
  1929 | D:3      | Reached skill level 1 in Armour
  1929 | D:3      | Gained mutation: You are partially covered in thin metallic
                  | scales. (AC +2) [demonic ancestry]
  1929 | D:3      | Reached XP level 5. HP: 41/41 MP: 5/5
  2046 | D:3      | Killed a phantom
  2145 | D:3      | Killed from afar by an orc priest

Illustrated notes

Levels and vault maps discovered:
D:1:      dpeg_arrival_round_a, layout_loops_ring, serial_shops,
          nicolae_lakefront_shop
D:2:      layout_basic, shapermc_ecumenical_altar_mp_urbaneastern
D:3:      layout_basic, nicolae_tso_besieged_by_evil

Skill      XL: |  1  2  3  4  5 |
---------------+----------------+-----
Stealth        | 4 |  4.9
Short Blades   | 2 3 |  3.2
Dodging        | 1 |  1.4
Fighting       | 3 |  3.3
Armour         | 1 |  1.5
Throwing       | |  1.9
Shields        | |  0.1

Action                     |  1- 3 |  4- 6 || total
---------------------------+-------+-------++-------
  Melee: Dagger            |    86 |   106 ||   192
         Tailslap          |    10 |    12 ||    22
  Throw: Dart              |     2 |       ||     2
    Use: Scroll            |       |     4 ||     4
   Stab: Sleeping          |    11 |     8 ||    19
 Armour: Robe              |    36 |    41 ||    77
  Dodge: Dodged            |    34 |    33 ||    67
  Block: Buckler           |     1 |    12 ||    13

Table legend: (Time is in decaauts)
 A = Elapsed time spent in this place.
 B = Non-inter-level travel time spent in this place.
 C = Inter-level travel time spent in this place.
 D = Time resting spent in this place.
 E = Time spent auto-exploring this place.
 F = Levels seen in this place.
 G = Mean time per level.
                   A        B        C        D        E       F      G
               +--------+--------+--------+--------+--------+-----+--------+
         Total |   2129 |   2071 |     58 |     76 |   1440 |   3 |  709.7 |
       Dungeon |   2129 |   2071 |     58 |     76 |   1440 |   3 |  709.7 |
               +--------+--------+--------+--------+--------+-----+--------+

Top non-repeatable levels by time:
     D:1: 1029 daAuts
     D:2: 726 daAuts
     D:3: 374 daAuts
